 Dungeon Crawl Stone Soup version 0.19.5 (webtiles) character file.

276 jerryfan the Grave Robber (level 6, -5/43 HPs)
             Began as a Vampire Necromancer on Jan 27, 2017.
             Slain by Duvessa
             ... wielding a +0 short sword
              (8 damage)
             ... on level 4 of the Dungeon on Mar 22, 2017.
             The game lasted 00:19:16 (3418 turns).

jerryfan the Grave Robber (Vampire Necromancer)     Turns: 3418, Time: 00:19:17

Health: -5/43      AC:  6    Str: 11    XL:     6   Next: 4%
Magic:  0/10       EV: 19    Int: 19    God:
Gold:   209        SH:  0    Dex: 20    Spells: 3 memorised, 6 levels left

rFire  . . .     SeeInvis +     e - +0 dagger (freeze)
rCold  + . .     Gourm    .     a - +0 robe
rNeg   + + .     Faith    .     (no shield)
rPois  +         Spirit   +     k - +2 helmet
rElec  .         Reflect  .     (no cloak)
rCorr  .         Harm     .     u - +0 pair of gloves
MR     .....                    (no boots)
Stlth  ++++++....               q - amulet of guardian spirit
                                r - +4 ring of strength
                                i - ring of stealth

@: agile, regenerating slowly
A: fangs 3, see invisible, unbreathing
a: Bat Form


You were on level 4 of the Dungeon.
You were thirsty.

You visited 1 branch of the dungeon, and saw 4 of its levels.

You collected 209 gold pieces.

Inventory:

Hand Weapons
 d - a +0 spear
 e - a +0 dagger of freezing (weapon)
 m - a +0 dagger
Missiles
 v - a tomahawk (quivered)
Armour
 a - a +0 robe (worn)
 k - a +2 helmet (worn)
 u - a +0 pair of gloves (worn)
Jewellery
 f - an uncursed ring of ice
 i - a ring of stealth (left hand)
 q - an amulet of guardian spirit (around neck)
 r - a +4 ring of strength (right hand)
Wands
 h - a wand of slowing (29/48)
Scrolls
 g - 2 scrolls of identify
 t - a scroll of recharging
Potions
 c - 10 potions of blood
 j - a potion of degeneration {unknown}
 n - a potion of lignification {unknown}
 p - a potion of agility
 s - a potion of brilliance {unknown}
Books
 b - a book of Necromancy

   Spells                             Type                      Level
   a - Pain                           Necromancy                   1
   b - Animate Skeleton               Necromancy                   1
   c - Vampiric Draining              Necromancy                   3
   d - Regeneration                   Charms/Necromancy            3
   e - Animate Dead                   Necromancy                   4
   f - Control Undead                 Necromancy                   4


   Skills:
 + Level 1.0 Fighting
 + Level 1.5 Short Blades
 + Level 0.3 Polearms
 + Level 0.5 Throwing
 + Level 3.5 Dodging
 + Level 3.3 Stealth
 + Level 3.3 Spellcasting
 + Level 5.9 Necromancy


You had 6 spell levels left.
You knew the following spells:

 Your Spells              Type           Power        Failure   Level  Hunger
a - Pain                  Necr           ####         1%          1    None
b - Animate Skeleton      Necr           N/A          1%          1    None
c - Regeneration          Chrm/Necr      ##........   14%         3    ###....


Dungeon Overview and Level Annotations

Branches:
Dungeon (4/15)
 Temple: D:4-7

Altars:
Cheibriados
Makhleb
The Shining One

Annotations:
D:4 Dowan, Duvessa


Innate Abilities, Weirdness & Mutations

You heal slowly.
You have razor-sharp teeth.
You have supernaturally acute eyesight. (SInv)
You can survive without breathing.


Message History

Duvessa closely misses you. The worker ant misses you.
The shadow imp barely misses you. Duvessa barely misses you.
The worker ant bites you but does no damage.
Duvessa hits you with a short sword! The worker ant bites you!
Duvessa hits you with a short sword!
* * * LOW HITPOINT WARNING * * *
Dowan mumbles some strange words.
Dowan blinks!
Duvessa misses you.
You feel agile all of a sudden. The worker ant closely misses you.
Duvessa hits you with a short sword.
* * * LOW HITPOINT WARNING * * *
The worker ant completely misses you. Duvessa closely misses you.
Duvessa says, "Where magic fails, the sword succeeds!"
The shadow imp grins evilly.
Dowan casts a spell.
Dowan blinks!
Duvessa hits you with a short sword!
* * * LOW HITPOINT WARNING * * *
The worker ant completely misses you. Duvessa hits you with a short sword!
You die...

#.....# . #.....# . ###...#
#####
##...###...#############
#......#...............#
#......#...............#
#......#...............#
#......#...............#
#......#...@.##..#######
#######'##'####ae.##..####..#
....###.##.####.5.##.....#..#
....#....'........#......'..#
....#...<#...e....+......#..#
....#....#........#......#..#
....##..###..##..###.##.##..#
.#+###..###..##..###.##.##..#
.#...........[#.............#


You could see Duvessa, Dowan, a worker ant and a shadow imp.

Vanquished Creatures
  A howler monkey (D:4)
  An orc wizard (D:4)
  Terence (D:3)
  2 worker ants (D:4)
  4 adders
  2 gnolls (D:3)
  A howler monkey skeleton (D:4)
  An ooze (D:2)
  3 dart slugs
  4 leopard geckos
  4 orcs
  A giant cockroach (D:3)
  5 goblins
  A hobgoblin (D:1)
  4 quokkas
  6 bats
  5 frilled lizards
  A jackal skeleton (D:4)
  9 kobolds
  9 rats
65 creatures vanquished.

Vanquished Creatures (collateral kills)
  An orc (D:3)
  A giant cockroach (D:2)
2 creatures vanquished.

Grand Total: 67 creatures vanquished

Notes
Turn   | Place    | Note
-------+----------+-------------------------------------------
     0 | D:1      | jerryfan the Vampire Necromancer began the quest for the Orb.
     0 | D:1      | Reached XP level 1. HP: 13/13 MP: 3/3
    97 | D:1      | Learned a level 1 spell: Animate Skeleton
   230 | D:1      | Reached XP level 2. HP: 14/19 MP: 0/5
   974 | D:1      | Reached skill level 5 in Necromancy
  1134 | D:2      | Reached XP level 3. HP: 20/24 MP: 4/6
  1161 | D:2      | Learned a level 3 spell: Regeneration
  1347 | D:2      | Found a snail-covered altar of Cheibriados.
  1355 | D:2      | Found a glowing golden altar of the Shining One.
  1358 | D:2      | Found a burning altar of Makhleb.
  2078 | D:3      | Reached XP level 4. HP: 20/31 MP: 5/8
  2306 | D:3      | Noticed Terence
  2381 | D:3      | Killed Terence
  2648 | D:4      | Reached XP level 5. HP: 29/36 MP: 5/9
  2657 | D:4      | Upgraded the game from 0.19.3-4-gbf9329e to 0.19.5
  2949 | D:4      | Reached skill level 1 in Short Blades
  3208 | D:4      | Reached skill level 1 in Fighting
  3208 | D:4      | Reached XP level 6. HP: 30/43 MP: 8/10
  3362 | D:4      | Noticed Duvessa
  3363 | D:4      | Noticed Dowan
  3418 | D:4      | Slain by Duvessa

Skill      XL: |  1  2  3  4  5 |
---------------+----------------+-----
Necromancy     | 5 |  5.9
Spellcasting   | 3 |  3.3
Dodging        | 3 |  3.5
Short Blades   | 1 |  1.5
Fighting       | 1 |  1.0
Polearms       | |  0.3
Throwing       | |  0.5
Stealth        | |  3.3

Action                   |  1- 3 |  4- 6 || total
-------------------------+-------+-------++-------
Melee: Spear             |    35 |       ||    35
       Dagger            |    50 |   138 ||   188
       Bite              |     5 |    21 ||    26
Throw: Tomahawk          |       |     9 ||     9
 Cast: Pain              |    32 |    15 ||    47
       Animate Skeleton  |     2 |     2 ||     4
       Regeneration      |       |     1 ||     1
 Abil: Bat Form          |       |     1 ||     1
Evoke: Wand              |       |     1 ||     1
  Use: Potion            |     3 |    13 ||    16
       Scroll            |       |     9 ||     9
 Stab: Sleeping          |     2 |       ||     2
Armor: Robe              |    25 |    33 ||    58
Dodge: Dodged            |    48 |   139 ||   187
